 Dungeon Crawl Stone Soup version 0.31-a0-198-g2ad674f65e (webtiles) character file.

Game seed: 2776092115565337304

9190 qw the Markself (level 11, -7/67 HPs)
             Began as a Deep Elf Hunter on June 25, 2023.
             Was a High Priest of Okawaru.
             Mangled by a death knight
             ... wielding a +2 battleaxe
              (10 damage)
             ... on level 10 of the Dungeon.
             The game lasted 00:02:45 (7067 turns).

qw the Markself (Deep Elf Hunter)                   Turns: 7067, Time: 00:02:45

Health: -7/67      AC: 16    Str: 12    XL:     11   Next: 19%
Magic:  16/18      EV: 24    Int: 15    God:    Okawaru [*****.]
Gold:   255        SH:  5    Dex: 18    Spells: 10/10 levels left

rFire   . . .        Y - +6 orcbow (flame)
rCold   . . .        (shield currently unavailable)
rNeg    . . .        e - +0 ring mail
rPois   .            h - +0 helmet
rElec   .            l - +1 cloak
rCorr   .            i - +2 pair of gloves
SInv    +            d - +1 pair of boots {rampage}
Will    +....        q - amulet of reflection
Stlth   +++          n - ring of see invisible
HPRegen 0.31/turn    c - +5 ring of evasion
MPRegen 0.16/turn

%: reflection, rampage
@: about to teleport, heroic
A: no striking features
a: Renounce Religion, Heroism, Finesse, Duel


You were on level 10 of the Dungeon.
You worshipped Okawaru.
Okawaru was extremely pleased with you.
You visited 2 branches of the dungeon, and saw 11 of its levels.

You collected 516 gold pieces.
You spent 261 gold pieces at shops.


   Skills:
 - Level 7.0(12.0) Fighting
 - Level 16.1(21.1) Ranged Weapons
 - Level 4.1(9.1) Armour
 + Level 9.6(14.6) Dodging
 - Level 1.2(6.2) Stealth
 + Level 6.8 Invocations


You had 10 spell levels left.
You didn't know any spells.
Your spell library was empty.

Inventory:

Hand Weapons
 Y - a +6 orcbow of flaming (weapon)
Armour
 d - a +1 pair of boots of rampaging (worn)
 e - a +0 ring mail (worn)
 h - a +0 helmet (worn)
 i - a +2 pair of gloves (worn)
 l - a +1 cloak (worn)
 r - a +0 troll leather armour
Jewellery
 c - a +5 ring of evasion (right hand)
 n - a ring of see invisible (left hand)
 q - an amulet of reflection (around neck)
Wands
 k - a wand of digging (13)
Scrolls
 g - 4 scrolls of identify
 m - 4 scrolls of teleportation
Potions
 a - a potion of magic
 b - 2 potions of cancellation
 f - 5 potions of curing
 j - a potion of enlightenment
 p - a potion of resistance

Dungeon Overview and Level Annotations

Branches:
Dungeon (10/15)            Temple (1/1) D:4
   Lair: D:8-11         Orc: D:9-12

Altars:
Ashenzari
Cheibriados
Dithmenos
Elyvilon
Fedhas
Hepliaklqana
Kikubaaqudgha
Makhleb
Nemelex Xobeh
Okawaru
Qazlal
Ru
Sif Muna
Trog
Uskayaw
Vehumet
Wu Jian
Xom
Yredelemnul
Zin
The Shining One

Shops:
D:4 [(=[   D:7 *   D:8 [

Annotations:
D:5 2 transporters, qw's ghost, novice DEHu
D:6 2 transporters


Message History

The arrow burns the deep elf pyromancer.
The deep elf pyromancer is severely wounded.
The deep elf pyromancer hits you with a +0 long sword.
You shoot an arrow. The arrow hits the deep elf pyromancer!
The arrow burns the deep elf pyromancer.
You kill the deep elf pyromancer!
Okawaru is honoured by your kill.
You can now enter into single combat with a foe.
Okawaru will now gift you equipment as you gain piety.
Okawaru grants you throwing weapons! Something appears at your feet!
The death knight offers itself to Yredelemnul, and fills with unholy energy.
You shoot an arrow.
The arrow barely misses the death knight.
The death knight invokes the aid of Yredelemnul against you.
Your body is wracked with pain!
7062 ||| INVOKING Heroism.
You gain the combat prowess of a mighty hero.
You shoot an arrow. The arrow hits the death knight.
The arrow burns the death knight.
The death knight is lightly wounded.
The death knight reflects your damage back at you!
The death knight calls down the wrath of Yredelemnul upon you.
You struggle to resist.
You shoot an arrow.
The arrow hits the death knight but does no damage.
The death knight is lightly wounded.
You shoot an arrow.
The arrow closely misses the death knight.
The death knight hits you with a +2 battleaxe!
7066 ||| READING 5 scrolls of teleportation.
As you read the scroll of teleportation, it crumbles to dust.
You feel strangely unstable. The death knight completely misses you.
You shoot an arrow. The arrow hits the death knight!!
The arrow burns the death knight.
The death knight is moderately wounded.
The death knight reflects your damage back at you!
The death knight hits you with a +2 battleaxe!
You die...

... ... ..####..
....#.######+#####
#..#.##.........#
#.#.##.........# #.
#....'.........# #..#
#...##.........+
#....#.#.##.........#
#p@#.##.........#
........#.#####'######
###..####.# #..>...#
..... ..# #######'##
###. ##. .........# #
. .........#
.........##
.........'.
.........##


You could see a death knight (reflects damage).

Vanquished Creatures
  Erica (D:10)
  2 two-headed ogres (D:9)
  Lodul (D:10)
  A deep elf pyromancer (D:10)
  A manticore (D:10)
  An unseen horror (D:9)
  A troll (D:10)
  Sigmund (D:3)
  10 yaks (D:9)
  A wraith (D:9)
  An acid dragon (D:10)
  2 water moccasins
  2 black bears
  An orc warrior (D:9)
  An ice beast (D:5)
  9 ogres
  4 centaurs
  4 bullfrogs
  5 scorpions
  4 wights (D:8)
  10 killer bees (D:9)
  A crimson imp (D:4)
  A howler monkey (D:8)
  2 hounds
  2 jellies
  An orc priest (D:7)
  Terence (D:3)
  5 iguanas
  A sleepcap (D:8)
  Natasha (D:4)
  7 orc wizards
  Robin (D:4)
  8 adders
  A shadow imp (D:5)
  A white imp (D:6)
  An ufetubus (D:5)
  A worm (D:3)
  3 dart slugs
  36 orcs
  5 endoplasms
  6 giant cockroaches
  14 goblins
  15 hobgoblins
  4 jackals (D:2)
  7 kobolds
  5 quokkas
  5 ball pythons
  10 bats
  4 frilled lizards
  6 rats
218 creatures vanquished.

Notes
Turn   | Place    | Note
-------+----------+-------------------------------------------
     0 | D:1      | qw the Deep Elf Hunter began the quest for the Orb.
     0 | D:1      | Reached XP level 1. HP: 12/12 MP: 3/3
     0 | D:1      | 0 ||| qw: Version: 0.3-a-22-g0ed2b0b
     0 | D:1      | 0 ||| qw: Game counter: 4970
     0 | D:1      | 0 ||| qw: Melee chars always use a shield: true
     0 | D:1      | 0 ||| qw: God list: Okawaru
     0 | D:1      | 0 ||| qw: Allow faded altars: false
     0 | D:1      | 0 ||| qw: Do Orc after clearing Dungeon:15 true
     0 | D:1      | 0 ||| qw: Do second Lair branch before Depths: true
     0 | D:1      | 0 ||| qw: Lair rune preference: random
     0 | D:1      | 0 ||| qw: Goals: Normal
     0 | D:1      | 0 ||| PLANNING D:1-11
   109 | D:1      | Reached skill level 6 in Ranged Weapons
   109 | D:1      | Reached XP level 2. HP: 16/16 MP: 4/4
   392 | D:1      | Reached XP level 3. HP: 20/20 MP: 5/5
   447 | D:1      | Found a faded altar of an unknown god.
   646 | D:1      | 646 ||| UPGRADING to +0 ring mail.
   656 | D:1      | 656 ||| DROPPING +0 leather armour.
   657 | D:1      | 657 ||| UPGRADING to +0 helmet.
   662 | D:1      | 662 ||| UPGRADING to +0 pair of gloves.
   667 | D:1      | 667 ||| UPGRADING to +1 cloak.
   672 | D:1      | 672 ||| READING 2 scrolls labelled SOG QIPPIRCHIZ.
   773 | D:1      | 773 ||| READING 3 scrolls labelled ESO LOHATO.
   774 | D:1      | 774 ||| READING scroll labelled BOEN SAPPIGH.
   778 | D:1      | 778 ||| READING 2 scrolls of identify.
   778 | D:1      | 778 ||| IDENTIFYING smoky black potion
   779 | D:1      | 779 ||| DROPPING scroll of silence.
   780 | D:1      | 780 ||| DROPPING scroll of butterflies.
  1107 | D:2      | Reached skill level 7 in Ranged Weapons
  1492 | D:2      | Reached XP level 4. HP: 25/25 MP: 6/6
  1566 | D:2      | 1566 ||| UPGRADING to ring of see invisible.
  1567 | D:2      | 1567 ||| READING scroll labelled ISUTEIGHEST.
  1568 | D:2      | 1568 ||| READING scroll labelled OSCHEONE MONIX.
  1569 | D:2      | 1569 ||| READING scroll labelled BONUCI JIENIGASO.
  1569 | D:2      | Identified a scroll of acquirement
  1569 | D:2      | 1569 ||| ACQUIRING +5 orcbow of flaming
  1569 | D:2      | Acquired a +5 orcbow of flaming
  1571 | D:2      | 1571 ||| SWAPPING to +5 orcbow of flaming.
  1572 | D:2      | 1572 ||| DROPPING +0 shortbow.
  1573 | D:2      | 1573 ||| READING scroll labelled UCYFITS SUBY.
  1574 | D:2      | 1574 ||| READING scroll labelled NAIBBA RIUNE.
  1618 | D:2      | 1618 ||| READING 3 scrolls of identify.
  1618 | D:2      | 1618 ||| IDENTIFYING fuming orange potion
  1619 | D:2      | 1619 ||| READING 2 scrolls of identify.
  1619 | D:2      | 1619 ||| IDENTIFYING bubbling red potion
  1620 | D:2      | 1620 ||| DRINKING potion of experience.
  1620 | D:2      | Reached skill level 16 in Ranged Weapons
  1620 | D:2      | Reached XP level 5. HP: 29/29 MP: 7/7
  1661 | D:3      | Noticed Terence
  1669 | D:3      | Killed Terence
  1739 | D:3      | Noticed Sigmund
  1745 | D:3      | Killed Sigmund
  1746 | D:3      | Reached XP level 6. HP: 34/34 MP: 8/8
  1873 | D:3      | Identified the +0 leather armour "Poacvuck" {rF- rC+++ MP+9
                  | Dex-4}
  2540 | D:3      | 2540 ||| DROPPING +0 leather armour "Poacvuck" {rF- rC+++
                  | MP+9 Dex-4}.
  2541 | D:3      | 2541 ||| DROPPING +6 ring of intelligence.
  2542 | D:3      | 2542 ||| READING scroll labelled FIBBANA OPUN.
  2543 | D:3      | 2543 ||| READING scroll labelled BACOUS QICS.
  2589 | D:4      | Noticed Robin
  2596 | D:4      | Killed Robin
  2598 | D:4      | Reached skill level 3 in Dodging
  2642 | D:4      | Reached XP level 7. HP: 40/40 MP: 9/9
  2668 | D:4      | Found a radiant altar of Vehumet.
  2668 | D:4      | Found a burning altar of Makhleb.
  2691 | D:4      | Found Itasol's Antique Weapon Boutique.
  2699 | D:4      | 2699 ||| UPGRADING to +0 pair of boots.
  2707 | D:4      | Found Hoeneeqouff's Armour Boutique.
  2715 | D:4      | 2715 ||| BUYING +1 pair of boots of rampaging (181 gold).
  2715 | D:4      | Bought a +1 pair of boots of rampaging for 181 gold pieces
  2715 | D:4      | 2715 ||| SHOPLISTING +1 robe of Melancholy {rN+++ Dex+3}
                  | (440 gold, have 52).
  2715 | D:4      | 2715 ||| UPGRADING to +1 pair of boots of rampaging.
  2725 | D:4      | 2725 ||| DROPPING +0 pair of boots.
  2782 | D:4      | Reached skill level 3 in Fighting
  2880 | D:4      | Found Qoet's Jewellery Shoppe.
  2896 | D:4      | 2896 ||| SHOPLISTING +4 ring of protection (396 gold, have
                  | 92).
  2896 | D:4      | 2896 ||| SHOPLISTING ring of Qusof {MP+9 Str+4} (389 gold,
                  | have 92).
  2896 | D:4      | 2896 ||| SHOPLISTING ring of poison resistance (220 gold,
                  | have 92).
  2896 | D:4      | 2896 ||| SHOPLISTING ring of protection from fire (275
                  | gold, have 92).
  2896 | D:4      | 2896 ||| SHOPLISTING ring of resist corrosion (220 gold,
                  | have 92).
  2896 | D:4      | 2896 ||| SHOPLISTING ring of see invisible (165 gold, have
                  | 92).
  2910 | D:4      | Found Learoc's Antique Armour Shoppe.
  2944 | D:4      | Found a staircase to the Ecumenical Temple.
  2946 | D:4      | 2946 ||| PLANNING TEMPLE
  2946 | D:4      | 2946 ||| READING scroll labelled FYPAEPTOQYU.
  2947 | D:4      | 2947 ||| DRINKING 2 fizzy puce potions.
  2948 | D:4      | 2948 ||| DROPPING potion of degeneration.
  2956 | Temple   | Entered the Ecumenical Temple
  2961 | Temple   | 2961 ||| PLANNING OKAWARU WORSHIP
  3134 | Temple   | Became a worshipper of Warmaster Okawaru
  3135 | Temple   | 3135 ||| PLANNING D:1-11
  3240 | D:4      | Noticed Natasha
  3242 | D:4      | Killed Natasha
  3332 | D:4      | 3332 ||| READING scroll labelled YLEQAS RUCKEO.
  3360 | D:5      | Entered Level 5 of the Dungeon
  3371 | D:5      | 3371 ||| STAIRDANCE
  3466 | D:5      | Found a transporter.
  3466 | D:5      | Noticed qw's ghost (novice DEHu)
  3532 | D:5      | Found a transporter.
  3641 | D:5      | Reached XP level 8. HP: 48/48 MP: 10/10
  3751 | D:5      | Reached * piety under Okawaru
  3763 | D:5      | Found a basalt altar of Yredelemnul.
  4018 | D:5      | 4018 ||| DROPPING ring of flight.
  4019 | D:5      | 4019 ||| READING scroll labelled QECIR KYLU.
  4020 | D:5      | 4020 ||| READING scroll labelled LAENOEN UPTE.
  4021 | D:5      | 4021 ||| READING 3 scrolls of identify.
  4021 | D:5      | 4021 ||| IDENTIFYING blue potion
  4023 | D:5      | 4023 ||| Stepping ~*~*~tactically~*~*~ (cloud).
  4148 | D:6      | Reached skill level 1 in Invocations
  4175 | D:6      | Found a transporter.
  4230 | D:6      | 4230 ||| FLEEEEING.
  4231 | D:6      | 4231 ||| FLEEEEING.
  4232 | D:6      | 4232 ||| FLEEEEING.
  4233 | D:6      | 4233 ||| FLEEEEING.
  4234 | D:6      | 4234 ||| FLEEEEING.
  4235 | D:6      | 4235 ||| FLEEEEING.
  4236 | D:6      | 4236 ||| FLEEEEING.
  4237 | D:6      | 4237 ||| FLEEEEING.
  4238 | D:6      | 4238 ||| FLEEEEING.
  4239 | D:6      | 4239 ||| STAIRDANCE
  4335 | D:6      | 4335 ||| INVOKING Heroism.
  4390 | D:6      | Found a transporter.
  4460 | D:6      | Reached skill level 3 in Invocations
  4539 | D:6      | 4539 ||| READING 4 scrolls of identify.
  4539 | D:6      | 4539 ||| IDENTIFYING coppery potion
  4562 | D:7      | 4562 ||| INVOKING Heroism.
  4584 | D:7      | 4584 ||| READING scroll of enchant armour.
  4584 | D:7      | 4584 ||| ENCHANTING +0 pair of gloves.
  4616 | D:7      | Found Heimid's Assorted Antiques.
  4625 | D:7      | 4625 ||| BUYING ivory wand (80 gold).
  4625 | D:7      | Bought an ivory wand for 80 gold pieces
  4677 | D:7      | 4677 ||| FLEEEEING.
  4775 | D:7      | 4775 ||| INVOKING Heroism.
  4778 | D:7      | Reached skill level 6 in Dodging
  4869 | D:7      | Reached XP level 9. HP: 48/52 MP: 13/13
  5022 | D:7      | 5022 ||| FLEEEEING.
  5140 | D:7      | 5140 ||| UPGRADING to +5 ring of evasion.
  5159 | D:8      | Found Ireujylu's Armour Emporium.
  5163 | D:8      | Reached ** piety under Okawaru
  5172 | D:8      | 5172 ||| DRINKING 5 potions of curing.
  5172 | D:8      | 5172 ||| (to cure confusion)
  5176 | D:8      | You fall into a shaft and drop 2 floors!
  5176 | D:10     | Entered Level 10 of the Dungeon
  5190 | D:10     | Noticed a manticore
  5191 | D:10     | 5191 ||| INVOKING Heroism.
  5197 | D:10     | Killed a manticore
  5261 | D:9      | 5261 ||| INVOKING Heroism.
  5267 | D:9      | HP: 8/52 [yak (8)]
  5268 | D:9      | 5268 ||| READING 3 scrolls of teleportation.
  5458 | D:9      | 5458 ||| READING 5 scrolls of identify.
  5458 | D:9      | 5458 ||| IDENTIFYING ruby potion
  5475 | D:8      | 5475 ||| SHOPLISTING +1 leather armour of Kleptomania {rF-
                  | Will+++ Str-5 Dex+3} (400 gold, have 179).
  5692 | D:8      | Reached skill level 3 in Armour
  5812 | D:8      | 5812 ||| READING scroll of enchant armour.
  5812 | D:8      | 5812 ||| ENCHANTING +1 pair of gloves.
  5951 | D:8      | 5951 ||| UPGRADING to amulet of reflection.
  5956 | D:8      | 5956 ||| READING 5 scrolls of identify.
  5956 | D:8      | 5956 ||| IDENTIFYING bubbling black potion
  5957 | D:8      | 5957 ||| DROPPING potion of brilliance.
  6004 | D:9      | Noticed a two-headed ogre
  6005 | D:9      | 6005 ||| INVOKING Heroism.
  6007 | D:9      | Killed a two-headed ogre
  6008 | D:9      | Reached XP level 10. HP: 59/59 MP: 12/15
  6042 | D:9      | Reached *** piety under Okawaru
  6246 | D:9      | Reached skill level 6 in Fighting
  6259 | D:9      | Reached skill level 9 in Dodging
  6312 | D:9      | 6312 ||| INVOKING Heroism.
  6345 | D:9      | Noticed a two-headed ogre
  6347 | D:9      | 6347 ||| INVOKING Heroism.
  6351 | D:9      | Killed a two-headed ogre
  6371 | D:9      | Reached **** piety under Okawaru
  6640 | D:10     | 6640 ||| INVOKING Heroism.
  6754 | D:10     | Noticed Lodul
  6755 | D:10     | 6755 ||| INVOKING Heroism.
  6755 | D:10     | Noticed Erica
  6768 | D:10     | Killed Erica
  6769 | D:10     | Reached XP level 11. HP: 25/66 MP: 14/17
  6773 | D:10     | Killed Lodul
  6774 | D:10     | Reached skill level 6 in Invocations
  6778 | D:10     | Reached ***** piety under Okawaru
  6784 | D:10     | 6784 ||| INVOKING Heroism.
  6784 | D:10     | HP: 5/67 [steam dragon] (15)]
  6785 | D:10     | 6785 ||| READING 6 scrolls of teleportation.
  6786 | D:10     | 6786 ||| DRINKING potion of heal wounds.
  6960 | D:10     | Found an ancient bone altar of Kikubaaqudgha.
  7054 | D:10     | Noticed a death knight
  7055 | D:10     | Noticed a deep elf pyromancer
  7060 | D:10     | Killed a deep elf pyromancer
  7060 | D:10     | Received a gift from Okawaru
  7062 | D:10     | 7062 ||| INVOKING Heroism.
  7065 | D:10     | HP: 14/67 [death knight/+2 battleaxe (17)]
  7066 | D:10     | 7066 ||| READING 5 scrolls of teleportation.
  7067 | D:10     | HP: 2/67 [mirror damage (12)]
  7067 | D:10     | Mangled by a death knight

Levels and vault maps discovered:
D:1:      amcnicky_arrival_double_pillar, layout_basic,
          dreamdust_ecumenical_altar_angels_and_demons, minmay_pentomino_s2
D:2:      layout_loops_corners
D:3:      layout_basic, grunt_ministairs_9, fountainhead,
          chequers_decorated_corner, serial_bayou_pond_c, uniq_terence,
          uniq_sigmund
D:4:      layout_rooms, grunt_temple_overflow_lords_of_destruction,
          minmay_temple_entry_junction, serial_shops, shop, nicolae_shop_stone,
          shop, shop, uniq_robin, uniq_natasha
D:5:      layout_loops_ring, mainiacjoe_overflow_surrounded_room,
          gammafunk_ghost_mausoleum
D:6:      gammafunk_cloud_chamber, layout_rooms
D:7:      layout_cave_pools, serial_shops, nicolae_shop_stone,
          kb_lookout_dungeons_type, dk_noncrumbling_4
D:8:      layout_basic, serial_shops, nicolae_diamond_shop
D:9:      layout_roguey
D:10:     layout_roguey, mainiacjoe_overflow_brackets,
          mainiacjoe_overflow_paths, david_orc_2, fountainhead, minivault_20,
          uniq_erica, uniq_lodul
Temple:   nicolae_temple_bog_church

Skill      XL: |  1  2  3  4  5  6  7  8  9 10 11 |
---------------+----------------------------------+-----
Ranged Weapons | 6 7 16 | 16.1
Armour         | 2 3 4 |  4.1
Fighting       | 2 3 4 5 6 7 |  7.0
Dodging        | 3 4 6 8 9 |  9.6
Invocations    | 3 4 5 6 |  6.8
Stealth        | |  1.2

Action                     |  1- 3 |  4- 6 |  7- 9 | 10-12 || total
---------------------------+-------+-------+-------+-------++-------
   Fire: Shortbow          |   100 |    16 |       |       ||   116
         Orcbow            |       |    78 |   205 |   140 ||   423
 Invoke: Heroism           |       |       |     6 |     6 ||    12
    Use: Scroll            |     4 |     9 |    11 |     2 ||    26
         Potion            |       |     1 |     2 |     1 ||     4
 Armour: Leather armour    |     3 |       |       |       ||     3
         Ring mail         |     8 |    11 |    18 |    18 ||    55
  Dodge: Dodged            |    20 |    20 |    55 |    72 ||   167
  Block: Other             |       |       |       |    17 ||    17
         Reflection        |       |       |       |     2 ||     2

Table legend:
 A = Non-vault XP
 B = Vault XP
 C = Vault XP percentage of total XP
 D = Non-vault monster count
 E = Vault monster count
 F = Vault count percentage of total count
                 A         B        C        D         E       F
            +---------+---------+-------+---------+---------+-------
      Total |    9332 |    3692 |  28.3 |     177 |      41 |  18.8
            +---------+---------+-------+---------+---------+-------
        D:1 |      39 |       4 |   9.3 |      22 |       2 |   8.3
        D:2 |      61 |       0 |   0.0 |      26 |       0 |   0.0
        D:3 |      80 |     273 |  77.3 |      19 |       4 |  17.4
        D:4 |     473 |     123 |  20.6 |      18 |      15 |  45.5
        D:5 |     510 |       0 |   0.0 |      13 |       0 |   0.0
        D:6 |     690 |       0 |   0.0 |      15 |       0 |   0.0
        D:7 |     443 |     112 |  20.2 |      10 |       1 |   9.1
        D:8 |     639 |       0 |   0.0 |      17 |       0 |   0.0
        D:9 |    5376 |       0 |   0.0 |      34 |       0 |   0.0
       D:10 |    1021 |    3180 |  75.7 |       3 |      19 |  86.4
            +---------+---------+-------+---------+---------+-------
